 Dungeon Crawl Stone Soup version 0.29-a0-841-g116ddc6ace (webtiles) character file.

Game seed: 8769640055733927068

254 LynnLen the Sneak (level 5, -3/30 HPs)
             Began as a Vampire Enchanter on July 14, 2022.
             Slain by a water moccasin (7 damage)
             ... in a sewer.
             The game lasted 00:09:55 (3928 turns).

LynnLen the Sneak (Vampire Enchanter)               Turns: 3928, Time: 00:09:56

Health: -3/30      AC:  5    Str:  7    XL:     5   Next: 90%
Magic:  17/17      EV: 12    Int: 24    God:
Gold:   91         SH:  0    Dex: 16    Spells: 2/8 levels left

rFire   . . .      SeeInvis +   a - +1 dagger
rCold   + + .      Faith    .   (no shield)
rNeg    + + +      Spirit   .   l - +1 leather armour
rPois   ∞          Reflect  .   e - +0 helmet
rElec   .          Harm     .   (no cloak)
rCorr   .          Rampage  .   (no gloves)
Will    .....                   (no boots)
Stlth   ++........              (no amulet)
HPRegen 0.00/turn               m - ring of magical power
MPRegen 0.15/turn               p - +6 ring of intelligence

@: silenced, bloodless, inhibited regen, very slow
A: bloodless, fangs 3, see invisible, vampiric 2
a: Bat Form, Revivify


You were in a sewer.
You visited 1 branch of the dungeon, and saw 4 of its levels.
You also visited: Sewer.

You collected 91 gold pieces.

Inventory:

Hand Weapons
 a - a +1 dagger (weapon)
 d - a +0 rapier
Missiles
 k - 30 stones (quivered)
Armour
 e - a +0 helmet (worn)
 l - a +1 leather armour (worn)
Jewellery
 m - a ring of magical power (left hand)
 p - a +6 ring of intelligence (right hand)
Scrolls
 f - a scroll of brand weapon {unknown}
 g - a scroll of silence
 h - 3 scrolls of teleportation
Potions
 b - 2 potions of cancellation
 c - a potion of brilliance {unknown}
 i - a potion of resistance {unknown}
 j - a potion of attraction {unknown}
 n - 2 potions of lignification {unknown}
 o - 2 potions of mutation {unknown}
 q - a potion of curing
 r - a potion of might {unknown}


   Skills:
 * Level 2.0 Fighting
 * Level 4.0 Short Blades
 + Level 2.7 Dodging
 + Level 7.1 Stealth
 - Level 2.0 Spellcasting
 - Level 4.4 Hexes


You had 2 spell levels left.
You knew the following spells:

 Your Spells              Type           Power      Damage    Failure   Level
a - Confusing Touch       Hex            23%        N/A       9%          3
b - Tukima's Dance        Hex            23%        N/A       9%          3

Your spell library contained the following spells:

 Spells                   Type           Power      Damage    Failure   Level
 Ensorcelled Hibernation  Hex/Ice        24%        N/A       11%         2
 Dazzling Flash           Conj/Hex       24%        N/A       22%         3
 Anguish                  Hex/Necr       6%         N/A       58%         4
 Enfeeble                 Hex            11%        N/A       100%        7


Dungeon Overview and Level Annotations

Branches:
Dungeon (4/15)              Sewer (1/1)
 Temple: D:4-7

Altars:
Makhleb


Innate Abilities, Weirdness & Mutations

You do not regenerate when monsters are visible.
You are frail without blood (-20% HP).
You can heal yourself when you bite living creatures.
You are immune to poison.
You have razor-sharp teeth.
You have supernaturally acute eyesight. (SInv)
You are afflicted with vampirism and can become a bat while bloodless.


Message History

Found a book of Conjurations and 11 gold pieces.
Found an arbalest.
Okay, then.
You can't see any enemies this would affect, really read the scroll of silence?
As you read the scroll of silence, it crumbles to dust.
A profound silence engulfs you.
You enter the shallow water.
Moving in this stuff is going to be slow.
Found 6 poisoned darts.
You barely miss the water moccasin. The water moccasin closely misses you.
You hit the water moccasin.
The water moccasin is lightly wounded.
The water moccasin misses you.
Your unstable footing causes you to fumble your attack.
The water moccasin bites you but does no damage.
The water moccasin bites you.
Your unstable footing causes you to fumble your attack.
The water moccasin bites you!
You miss the water moccasin. You bite the water moccasin.
You draw the water moccasin's blood!
You feel better.
The water moccasin is lightly wounded.
The water moccasin completely misses you.
Your unstable footing causes you to fumble your attack.
The water moccasin bites you!
You hit the water moccasin.
The water moccasin is moderately wounded.
The water moccasin bites you.
Your unstable footing causes you to fumble your attack.
The water moccasin bites you.
Your unstable footing causes you to fumble your attack.
The water moccasin bites you!
* * * LOW HITPOINT WARNING * * *
You hit the water moccasin but do no damage.
The water moccasin is moderately wounded.
The water moccasin closely misses you.
You barely miss the water moccasin. You bite the water moccasin.
You draw the water moccasin's blood!
You feel better.
The water moccasin is moderately wounded.
The water moccasin bites you!
You die...

######## ###......###
###.≈≈≈≈.≈≈..### #
###.≈≈..####....≈##≈(#
#....≈### ###≈.@S.#
...≈.## ##≈≈....#
#...≈.# #≈≈...###
###..≈..# .≈..≈##≈:
###....≈ .≈..### )$#
##.≈....## ## ######


You could see a water moccasin.

Vanquished Creatures
  2 orc priests (D:3)
  4 gnolls (D:2)
  2 river rats (D:4)
  3 adders
  4 worms
  3 dart slugs (D:1)
  6 orcs (D:3)
  3 bats
  6 endoplasms
  2 giant cockroaches (D:2)
  9 goblins
  11 hobgoblins
  3 kobolds
  4 quokkas
  6 ball pythons
  3 frilled lizards
  20 rats
91 creatures vanquished.

Notes
Turn   | Place    | Note
-------+----------+-------------------------------------------
     0 | D:1      | LynnLen the Vampire Enchanter began the quest for the Orb.
     0 | D:1      | Reached XP level 1. HP: 13/13 MP: 3/3
   248 | D:1      | Reached XP level 2. HP: 16/16 MP: 5/5
   491 | D:1      | Reached skill level 5 in Stealth
   700 | D:1      | Reached skill level 1 in Fighting
   700 | D:1      | Gained mutation: You are afflicted with vampirism and can
                  | become a bat while bloodless. [Vampire growth]
   700 | D:1      | Reached XP level 3. HP: 18/20 MP: 6/6
  1366 | D:2      | Learned a level 3 spell: Confusing Touch
  1370 | D:2      | Learned a level 3 spell: Tukima's Dance
  1549 | D:2      | Found a faded altar of an unknown god.
  2259 | D:3      | Reached skill level 6 in Stealth
  2259 | D:3      | Reached XP level 4. HP: 25/25 MP: 7/7
  2486 | D:3      | Reached XP level 5. HP: 4/29 MP: 8/8
  3152 | D:3      | Reached skill level 7 in Stealth
  3287 | D:3      | Found a burning altar of Makhleb.
  3853 | D:4      | Found a glowing drain.
  3860 | Sewer    | Entered a sewer
  3913 | Sewer    | Noticed a water moccasin
  3928 | Sewer    | Slain by a water moccasin

Illustrated notes

Levels and vault maps discovered:
D:1:      lightli_arrival_flooded_house, layout_basic, minmay_rat_gold_closets
D:2:      layout_loops_ring, nicolae_ecumenical_snake_handling
D:3:      layout_rooms, mainiacjoe_overflow_catwalk, kennysheep_crisscross
D:4:      layout_rooms, lightli_sewer_entry_pipes, minmay_small_thing
Sewer:    sewer_the_moccasin

Skill      XL: |  1  2  3  4  5 |
---------------+----------------+-----
Short Blades   | 2 3 4 |  4.0
Stealth        | 5 6 7 |  7.1
Fighting       | 1 2 |  2.0
Dodging        | |  2.7
Spellcasting   | |  2.0
Hexes          | |  4.4

Action                   |  1- 3 |  4- 6 || total
-------------------------+-------+-------++-------
Melee: Dagger            |   121 |   221 ||   342
       Bite              |    11 |    27 ||    38
       Punch             |       |     3 ||     3
 Abil: Exsanguinate      |     1 |       ||     1
  Use: Scroll            |     6 |     2 ||     8
       Potion            |     1 |     6 ||     7
 Stab: Sleeping          |    32 |     5 ||    37
       Invisible         |     2 |     4 ||     6
       Distracted        |       |     1 ||     1
Armor: Robe              |     4 |       ||     4
       Leather armour    |     7 |    44 ||    51
Dodge: Dodged            |    42 |   116 ||   158

Table legend: (Time is in decaauts)
 A = Elapsed time spent in this place.
 B = Non-inter-level travel time spent in this place.
 C = Inter-level travel time spent in this place.
 D = Time resting spent in this place.
 E = Time spent auto-exploring this place.
 F = Levels seen in this place.
 G = Mean time per level.
                   A        B        C        D        E       F      G
               +--------+--------+--------+--------+--------+-----+--------+
         Total |   3906 |   3901 |      5 |    626 |   1954 |   5 |  781.2 |
       Dungeon |   3833 |   3828 |      5 |    626 |   1921 |   4 |  958.2 |
         Sewer |     72 |     72 |      0 |      0 |     32 |   1 |   72.0 |
               +--------+--------+--------+--------+--------+-----+--------+

Top non-repeatable levels by time:
     D:2: 1514 daAuts
     D:1: 1106 daAuts
     D:3: 890 daAuts
     D:4: 322 daAuts
   Sewer: 72 daAuts
